 Dungeon Crawl Stone Soup version 0.31.0-11-ge490571c62 (webtiles) character file.

Game seed: 4136524327444574993

334 qw the Shooter (level 6, -8/30 HPs)
             Began as a Spriggan Hunter on Feb 3, 2024.
             Killed from afar by a steam dragon (24 damage)
             ... with a ball of steam
             ... on level 4 of the Dungeon.
             The game lasted 00:00:07 (2462 turns).

qw the Shooter (Spriggan Hunter)                    Turns: 2462, Time: 00:00:08

Health: -8/30      AC:  2    Str:  7    XL:     6   Next: 27%
Magic:  7/7        EV: 20    Int: 11    God:
Gold:   155        SH:  0    Dex: 20    Spells: 5/5 levels left

rFire   . . .        a - +1 shortbow
rCold   . . .        (shield currently unavailable)
rNeg    . . .        c - +0 robe
rPois   .            (helmet restricted)
rElec   .            (no cloak)
rCorr   .            (gloves unavailable)
SInv    +            (boots unavailable)
Will    +....        (no amulet)
Stlth   ++           (no ring)
HPRegen 0.25/turn    (no ring)
MPRegen 0.10/turn

%: no passive effects
@: hasted, very quick
A: very small, no large weapons, unfitting armour, see invisible, speed 3
a: no special abilities


You were on level 4 of the Dungeon.
You visited 1 branch of the dungeon, and saw 4 of its levels.

You collected 155 gold pieces.


Innate Abilities, Weirdness & Mutations

You are very small and have problems with some larger weapons.
You are too small for most types of armour.
You have supernaturally acute eyesight. (SInv)
You cover ground extremely quickly. (Speed+++)


   Skills:
 - Level 2.1 Fighting
 - Level 6.4 Ranged Weapons
 + Level 5.4 Dodging
 - Level 1.5 Stealth


You had 5 spell levels left.
You didn't know any spells.
Your spell library was empty.

Inventory:

Hand Weapons
 a - a +1 shortbow (weapon)
Armour
 c - a +0 robe (worn)
Jewellery
 i - a ring of ice
 j - a ring of fire
Potions
 d - a potion of degeneration {unknown}
 e - a potion of curing {unknown}
 f - a potion of attraction {unknown}
 g - a potion of haste
 h - a potion of mutation {unknown}

Dungeon Overview and Level Annotations

Branches:
Dungeon (4/15)
 Temple: D:4-7

Altars:

Shops:
D:3 (

Annotations:
D:3 1 runed translucent door, Crazy Yiuf


Message History

Found 4 stones.
An orc comes into view. It is wielding a +0 flail.
You shoot an arrow. The orc shouts!
The arrow hits the orc.
The orc is lightly wounded.
You hear an angry hiss.
You hear a shout!
You shoot an arrow. The arrow hits the orc.
The orc is moderately wounded.
You shoot an arrow. The arrow hits the orc!
You kill the orc!
An ice beast comes into view.
Found a manual of Polearms.
An orc comes into view. It is wielding a +0 short sword.
You shoot an arrow. The arrow hits the orc.
The orc is heavily wounded.
A steam dragon comes into view.
You shoot an arrow.
The arrow barely misses the steam dragon.
The arrow hits the orc.
You kill the orc!
You feel yourself slow down.
2457 ||| RETREEEEATING.
2458 ||| DRINKING 2 potions of haste.
You feel yourself speed up. The steam dragon bites you.
The steam dragon claws you.
You shoot an arrow. The arrow hits the steam dragon.
The steam dragon is lightly wounded.
The steam dragon closely misses you. The steam dragon barely misses you.
You shoot an arrow.
The arrow hits the steam dragon but does no damage.
The steam dragon is lightly wounded.
You shoot an arrow. The arrow hits the steam dragon!
The steam dragon is heavily wounded.
The steam dragon bites you! The steam dragon completely misses you.
You shoot an arrow. The arrow hits the steam dragon!
The steam dragon is severely wounded.
The steam dragon breathes steam at you. The ball of steam hits you!!
Ouch! That really hurt!
You die...

#... .# #..# .#
#.)######.# #..##.....#
#.)##.....# #.
.######..##.....#.Y..
.........)........)..
###########).#...Y##..#
.............#..@#..#
#[########...#.##D###
.........#...#.#:##
#.#.####.#...#.)# #.#.#
#.#...#.. #.#.#
#.#...#.# #.#.#
#.#...#.# #.#.# #.#...#
#.#.# #.#...#


You could see a steam dragon (catching breath) and an ice beast.

Vanquished Creatures
  Sigmund (D:3)
  Natasha (thrice) (D:2)
  A gnoll (D:1)
  3 adders (D:2)
  A ribbon worm (D:2)
  A dart slug (D:1)
  8 orcs
  3 giant cockroaches
  6 hobgoblins
  7 jackals
  A quokka (D:1)
  A ball python (D:1)
  3 bats
  A frilled lizard (D:2)
  6 goblins
  4 kobolds
  2 rats
52 creatures vanquished.

Notes
Turn   | Place    | Note
-------+----------+-------------------------------------------
     0 | D:1      | qw the Spriggan Hunter began the quest for the Orb.
     0 | D:1      | Reached XP level 1. HP: 10/10 MP: 2/2
     0 | D:1      | 0 ||| qw: Version: 0.3-a-158-g18b3111
     0 | D:1      | 0 ||| qw: Game counter: 4214
     0 | D:1      | 0 ||| qw: Melee chars always use a shield: true
     0 | D:1      | 0 ||| qw: God list: Okawaru
     0 | D:1      | 0 ||| qw: Allow faded altars: false
     0 | D:1      | 0 ||| qw: Do Orc after clearing Dungeon:15 true
     0 | D:1      | 0 ||| qw: Do second Lair branch before Depths: true
     0 | D:1      | 0 ||| qw: Lair rune preference: random
     0 | D:1      | 0 ||| qw: Goals: Normal
     0 | D:1      | 0 ||| PLANNING D:1-11
    28 | D:1      | Reached skill level 3 in Dodging
   114 | D:1      | Reached XP level 2. HP: 13/14 MP: 3/3
   323 | D:1      | Found a faded altar of an unknown god.
   385 | D:1      | Reached XP level 3. HP: 18/18 MP: 4/4
   870 | D:1      | 870 ||| READING scroll labelled LOIDEJ BAHIMI.
   871 | D:1      | 871 ||| DRINKING 2 fuming cyan potions.
   872 | D:1      | 872 ||| DROPPING scroll of butterflies.
   873 | D:1      | 873 ||| DROPPING potion of magic.
  1095 | D:2      | HP: 4/18 [poisoned by an adder]
  1212 | D:2      | Noticed Natasha
  1218 | D:2      | Killed Natasha
  1219 | D:2      | Reached skill level 5 in Ranged Weapons
  1219 | D:2      | Reached XP level 4. HP: 22/22 MP: 5/5
  1265 | D:2      | Noticed Natasha
  1266 | D:2      | 1266 ||| FLEEEEING.
  1278 | D:2      | Killed Natasha
  1286 | D:2      | 1286 ||| FLEEEEING.
  1287 | D:2      | 1287 ||| FLEEEEING.
  1288 | D:2      | 1288 ||| FLEEEEING.
  1495 | D:2      | Noticed Natasha
  1502 | D:2      | Killed Natasha
  1556 | D:2      | Reached XP level 5. HP: 26/26 MP: 6/6
  1620 | D:2      | 1620 ||| READING scroll labelled HIOSIPP DUOJ.
  1621 | D:2      | 1621 ||| READING scroll labelled BINLOA JUME.
  1621 | D:2      | 1621 ||| ENCHANTING +0 shortbow.
  1622 | D:2      | 1622 ||| READING scroll labelled XONIARUITT.
  1694 | D:3      | Noticed Sigmund
  1699 | D:3      | Killed Sigmund
  1700 | D:3      | Reached skill level 6 in Ranged Weapons
  1700 | D:3      | Reached XP level 6. HP: 30/30 MP: 7/7
  1741 | D:3      | Found Gaxeim's Weapon Emporium.
  1952 | D:3      | 1952 ||| FLEEEEING.
  2187 | D:3      | Found a runed translucent door.
  2188 | D:3      | Noticed Crazy Yiuf
  2375 | D:3      | 2375 ||| READING scroll labelled QOOMEVVIWK.
  2375 | D:3      | 2375 ||| ENCHANTING +0 shortbow.
  2376 | D:3      | 2376 ||| READING scroll labelled DEASTR RISIR.
  2377 | D:3      | 2377 ||| DRINKING 3 orange potions.
  2454 | D:4      | Noticed an ice beast
  2455 | D:4      | Noticed a steam dragon
  2457 | D:4      | 2457 ||| RETREEEEATING.
  2458 | D:4      | 2458 ||| DRINKING 2 potions of haste.
  2462 | D:4      | Killed from afar by a steam dragon

Levels and vault maps discovered:
D:1:      dpeg_arrival_oval, layout_basic, ebering_ecumenical_altar_abandoned
D:2:      layout_basic, uniq_natasha
D:3:      layout_rooms, serial_shops, shop_statue, uniq_sigmund,
          uniq_crazy_yiuf_cottage
D:4:      layout_basic, palyth_stone_intersect, grunt_ministairs_3,
          minmay_manual_mess

Skill      XL: |  1  2  3  4  5 |
---------------+----------------+-----
Dodging        | 3 4 5 |  5.4
Ranged Weapons | 5 6 |  6.4
Fighting       | 2 |  2.1
Stealth        | |  1.5

Action                     |  1- 3 |  4- 6 || total
---------------------------+-------+-------++-------
   Fire: Shortbow          |    76 |    98 ||   174
    Use: Scroll            |     1 |     5 ||     6
         Potion            |     1 |     2 ||     3
 Armour: Robe              |     4 |    15 ||    19
  Dodge: Dodged            |    22 |    34 ||    56

Table legend:
 A = Non-vault XP
 B = Vault XP
 C = Vault XP percentage of total XP
 D = Non-vault monster count
 E = Vault monster count
 F = Vault count percentage of total count
                 A         B        C        D         E       F
            +---------+---------+-------+---------+---------+-------
      Total |     208 |     270 |  56.5 |      46 |       6 |  11.5
            +---------+---------+-------+---------+---------+-------
        D:1 |      51 |       0 |   0.0 |      21 |       0 |   0.0
        D:2 |     120 |      36 |  23.1 |       9 |       1 |  10.0
        D:3 |      28 |     226 |  89.0 |      13 |       1 |   7.1
        D:4 |       9 |       8 |  47.1 |       3 |       4 |  57.1
            +---------+---------+-------+---------+---------+-------
